 Dungeon Crawl Stone Soup version 0.19-a0-188-ga21aea4 (webtiles) character file.

420 Kidiri the Ducker (level 6, 0/34 HPs)
             Began as a Deep Elf Fire Elementalist on May 23, 2016.
             Slain by Duvessa
             ... wielding a +0 short sword
              (20 damage)
             ... on level 4 of the Dungeon.
             The game lasted 00:15:48 (4615 turns).

Kidiri the Ducker (Deep Elf Fire Elementalist)      Turns: 4615, Time: 00:15:49

Health: 0/34       AC:  2    Str:  5    XL:     6   Next: 62%
Magic:  4/14       EV: 14    Int: 22    God:
Gold:   262        SH:  0    Dex: 15    Spells: 5 memorised, 1 level left

rFire  . . .     SeeInvis .     i - +2 hand axe (flame)
rCold  . . .     Gourm    .     a - +0 robe
rNeg   . . .     Faith    .     (no shield)
rPois  .         Spirit   .     (no helmet)
rElec  .         Dismiss  .     (no cloak)
rCorr  .         Reflect  .     (no gloves)
SustAt .         Harm     .     (no boots)
MR     .....                    (no amulet)
Stlth  ++........               (no ring)
                                (no ring)

@: very slightly contaminated, not resistant to hostile enchantments, unstealthy
A: no striking features
a: no special abilities


You were on level 4 of the Dungeon.
You were not hungry.

You visited 1 branch of the dungeon, and saw 4 of its levels.

You collected 262 gold pieces.

Inventory:

Hand Weapons
 e - a +0 short sword
 i - a +2 hand axe of flaming (weapon)
 m - a +0 mace of holy wrath
 t - a +0 dagger of electrocution
Armour
 a - a +0 robe (worn)
 u - a +0 helmet
Wands
 p - a wand of random effects (38/48)
Scrolls
 j - a scroll of amnesia
 l - 2 scrolls of teleportation
 o - 2 scrolls of remove curse
 r - a scroll of blinking {unknown}
 s - a scroll of random uselessness {unknown}
 x - a scroll of magic mapping {unknown}
Potions
 d - a potion of curing
 g - a potion of resistance {unknown}
 h - 2 potions of ambrosia {unknown}
 k - 3 potions of brilliance {unknown}
 v - a potion of degeneration {unknown}
Books
 b - a book of Flames

   Spells                             Type                      Level
   a - Flame Tongue                   Conjuration/Fire             1
   b - Throw Flame                    Conjuration/Fire             2
   c - Conjure Flame                  Conjuration/Fire             3
   d - Inner Flame                    Hexes/Fire                   3
   e - Sticky Flame                   Conjuration/Fire             4
   f - Fireball                       Conjuration/Fire             5
Comestibles
 c - 3 bread rations
 n - a slice of pizza
 q - a meat ration
 w - 2 beef jerkies
 z - 6 chunks of flesh


   Skills:
 + Level 1.5 Fighting
 + Level 2.0 Armour
 * Level 4.6 Dodging
 - Level 2.4 Stealth
 * Level 4.6 Spellcasting
 + Level 2.3 Conjurations
 + Level 2.4 Hexes
 + Level 4.3 Fire Magic


You had one spell level left.
You knew the following spells:

 Your Spells              Type           Power        Failure   Level  Hunger
a - Flame Tongue          Conj/Fire      ###..        2%          1    None
b - Throw Flame           Conj/Fire      ###...       4%          2    None
c - Conjure Flame         Conj/Fire      ###.....     10%         3    ##.....
d - Inner Flame           Hex/Fire       ###.....     10%         3    ##.....
e - Sticky Flame          Conj/Fire      ###.....     28%         4    ####...


Dungeon Overview and Level Annotations

Branches:
Dungeon (4/15)
 Temple: D:4-7

Altars:
Gozag

Shops:
D:3 *   D:4 *

Annotations:
D:4 Dowan; Duvessa; WhatIsLove's ghost, amateur DsFE


Message History

WhatIsLove's ghost (amateur Demonspawn Fire Elementalist) comes into view.
It is wielding a weapon of draining.
Duvessa closely misses you.
Level annotation: Dowan; Duvessa; WhatIsLove's ghost, amateur DsFE Welcome back, Kidiri the Deep Elf Fire Elementalist.
Press ? for a list of commands and other information.
Duvessa says, "My weaknesses are his strengths!"
Duvessa hits you with a short sword. Duvessa hits you with a short sword!
* * * LOW HITPOINT WARNING * * *
Unknown command.
Drink which item? (? for menu, Esc to quit)
You feel much better. Duvessa hits you with a short sword! x2
Duvessa hits you with a short sword. Duvessa hits you with a short sword!
* * * LOW HITPOINT WARNING * * *
Unknown command.
Drink which item? (? for menu, Esc to quit)
You feel much better. Duvessa hits you with a short sword!!
Ouch! That really hurt!
You die...

#........... .#
###.........#######[.
.................#.###
#..#..##.............
#..#.>.e.......#.#.#
######..#..##...#.#.....#
...........##W..#.#...#
####.#..#..##e#.#.#...###.#
........W..##@#..÷..#'#.#.#
####.##.#####.#.#.#.'∩'.#.# #
#.. #e# #.#.....#'#.#.#.# #≈.
#.# #.#...#.<.#.#.#.##
#≈≈.##W#####.#...#...#.#.#.#.
#8≈..........+...#..##.#.....
#≈≈...!....#.#...#...#.......
#≈...#.###.#.#####...###.#...
#..###.# #.........###.#...


You could see Duvessa, Dowan and WhatIsLove's ghost.

Vanquished Creatures
  An ogre (D:4)
  A howler monkey (D:3)
  2 orc wizards (D:3)
  Natasha (thrice) (D:3)
  Robin (D:3)
  4 adders
  An ooze (D:3)
  2 worms (D:2)
  2 dart slugs (D:1)
  4 giant geckos
  7 orcs (D:3)
  3 bats
  7 giant cockroaches
  13 goblins
  9 hobgoblins
  12 jackals
  11 kobolds
  2 quokkas
  5 giant newts
  7 rats
97 creatures vanquished.

Notes
Turn   | Place    | Note
--------------------------------------------------------------
     0 | D:1      | Kidiri the Deep Elf Fire Elementalist began the quest for the Orb.
     0 | D:1      | Reached XP level 1. HP: 10/10 MP: 6/6
   293 | D:1      | Reached XP level 2. HP: 15/15 MP: 6/8
   297 | D:1      | Learned a level 2 spell: Throw Flame
  1051 | D:1      | Reached XP level 3. HP: 19/19 MP: 6/9
  1056 | D:1      | Learned a level 3 spell: Inner Flame
  1940 | D:2      | Reached skill level 1 in Armour
  2218 | D:2      | Learned a level 3 spell: Conjure Flame
  2536 | D:3      | Noticed Natasha
  2544 | D:3      | Killed Natasha
  2544 | D:3      | Reached skill level 1 in Hexes
  2544 | D:3      | Reached XP level 4. HP: 24/24 MP: 2/11
  2716 | D:3      | Noticed Natasha
  2724 | D:3      | Killed Natasha
  2733 | D:3      | Noticed Natasha
  2826 | D:3      | Killed Natasha
  2826 | D:3      | Reached XP level 5. HP: 12/28 MP: 5/12
  2941 | D:3      | Reached skill level 1 in Fighting
  2988 | D:3      | HP: 1/29 [orc wizard/magic dart (4)]
  3537 | D:3      | Noticed Robin
  3551 | D:3      | Killed Robin
  3584 | D:3      | Reached XP level 6. HP: 24/34 MP: 0/14
  3595 | D:3      | Learned a level 4 spell: Sticky Flame
  3727 | D:3      | Found Gozag's Platinum Reserve.
  3731 | D:3      | Found an opulent altar of Gozag.
  4508 | D:4      | Found Zokigrio's General Store.
  4565 | D:4      | Noticed Dowan
  4595 | D:4      | Noticed Duvessa
  4604 | D:4      | Noticed WhatIsLove's ghost (amateur DsFE)
  4615 | D:4      | Slain by Duvessa

Vault maps used:
D:1:      dpeg_arrival_prison
D:2:      grunt_ministairs_9, kennysheep_generic_room_7
D:3:      nicolae_gozag_zags_fifth_avenue, uniq_robin, uniq_natasha
D:4:      kennysheep_the_goblin_king, nicolae_overflow_hidden_temple,
          lemuel_temple_firewalk_marked, first_bread, serial_shops,
          nicolae_shop_behind_doors, moated_statue, hangedman_decor_push,
          uniq_duvessa

Skill      XL: |  1  2  3  4  5  6 |
---------------+-------------------+-----
Dodging        | 3 4 |  4.6
Armour         | 1 2 |  2.0
Hexes          | 1 2 |  2.4
Fighting       | 1 |  1.5
Spellcasting   | 4 |  4.6
Fire Magic     | 4 |  4.3
Conjurations   | 2 |  2.3
Stealth        | |  2.4

Action                   |  1- 3 |  4- 6 || total
-------------------------+-------+-------++-------
Melee: Hand axe          |     7 |    42 ||    49
 Cast: Flame Tongue      |    54 |    66 ||   120
       Throw Flame       |    25 |    33 ||    58
       Conjure Flame     |       |     2 ||     2
       Sticky Flame      |       |     1 ||     1
  Use: Scroll            |     8 |     1 ||     9
       Potion            |       |     4 ||     4
  Eat: Chunk             |     6 |     7 ||    13
Armor: Robe              |     7 |     6 ||    13
Dodge: Dodged            |    14 |    72 ||    86
